 Dungeon Crawl Stone Soup version 0.21.1-1-g345015f (webtiles) character file.

224 olivier the Skirmisher (level 5, -6/46 HPs)
             Began as a Draconian Fighter on June 22, 2018.
             Mangled by an orc warrior
             ... wielding a +0 trident
              (9 damage)
             ... on level 2 of the Dungeon.
             The game lasted 00:04:12 (1269 turns).

olivier the Skirmisher (Draconian Fighter)          Turns: 1269, Time: 00:04:12

Health: -6/46      AC:  5    Str: 23    XL:     5   Next: 67%
Magic:  5/5        EV: 11    Int: 14    God:
Gold:   130        SH: 10    Dex: 11    Spells: 4/4 levels left

rFire    . . .     SeeInvis .   a - +0 trident
rCold    . . .     Gourm    .   b - +0 shield
rNeg     . . .     Faith    .   (armour unavailable)
rPois    .         Spirit   .   (helmet restricted)
rElec    .         Reflect  .   (no cloak)
rCorr    .         Harm     .   (no gloves)
MR       .....                  (no boots)
Stlth    ++........             (no amulet)
HPRegen  0.15/turn              (no ring)
MPRegen  0.09/turn              (no ring)

@: mighty, brilliant
A: unfitting armour, cold-blooded, AC +5
a: no special abilities


You were on level 2 of the Dungeon.
You were not hungry.

You visited 1 branch of the dungeon, and saw 2 of its levels.

You collected 130 gold pieces.

Inventory:

Hand Weapons
 a - a +0 trident (weapon)
Armour
 b - a +0 shield (worn)
Scrolls
 e - 3 scrolls of identify {unknown}
 f - 3 scrolls of teleportation {unknown}
 g - 2 scrolls of magic mapping {unknown}
 i - 2 scrolls of remove curse {unknown}
Comestibles
 d - 3 rations


   Skills:
 + Level 4.1 Fighting
 + Level 3.7 Polearms
 + Level 3.4 Dodging
 + Level 1.1 Stealth
 + Level 4.1 Shields


You had 4 spell levels left.
You didn't know any spells.

Dungeon Overview and Level Annotations

Branches:
Dungeon (2/15)

Altars:


Innate Abilities, Weirdness & Mutations

Your plain brown scales are hard. (AC +5)
You cannot fit into any form of body armour.
You are cold-blooded and may be slowed by cold attacks.


Message History

The hippogriff is almost dead.
You block the hippogriff's attack. The hippogriff barely misses you. x2
You block the orc warrior's attack.
The hippogriff bites you but does no damage.
You block the hippogriff's attack. The hippogriff closely misses you.
You puncture the hippogriff!
You kill the hippogriff!
Your Fighting skill increases to level 4!
Your Polearms skill increases to level 3!
Your Stealth skill increases to level 1!
Your Shields skill increases to level 4!
You have reached level 4!
You feel agile.
You have reached level 5!
You block the orc warrior's attack. You block the quokka's attack.
You barely miss the quokka.
Your tail-slap misses the quokka.
The quokka is moderately wounded.
The quokka barely misses you.
The orc warrior hits you from afar with a trident!
You die...

.........#...##+#$$)#+##.(.#.#.##
########...### #..[# ###...#.##
#..##.# #...# #.##...... #..').#
#...# #).'.>.... ##.##.# #...#
#.##...... #..### #...#
###.......
##...####o..####.....†...
##.....##o##......######
#.#...@r.........# #.
#......###.......# #. #.#....#
#.......# #. #......# #.......#
#. ####.### ######### #. #.# #.
###.############## #.
#................# #.
#.#.##..########.####(


You could see an orc warrior and a quokka.

Vanquished Creatures
  A hippogriff (D:2)
  2 adders (D:2)
  An ooze (D:1)
  A worm (D:2)
  A dart slug (D:2)
  A leopard gecko (D:2)
  A ball python (D:1)
  4 bats
  2 giant cockroaches (D:1)
  5 goblins
  A hobgoblin (D:1)
  2 frilled lizards (D:2)
  2 kobolds
  5 rats
29 creatures vanquished.

Notes
Turn   | Place    | Note
-------+----------+-------------------------------------------
     0 | D:1      | olivier the Draconian Fighter began the quest for the Orb.
     0 | D:1      | Reached XP level 1. HP: 19/19 MP: 1/1
     3 | D:1      | Noticed a ghoul
     5 | D:1      | Noticed a merfolk
     7 | D:1      | Noticed a gargoyle
     9 | D:1      | Noticed a naga
     9 | D:1      | Noticed an elf
    11 | D:1      | Noticed a felid
    11 | D:1      | Noticed a demonspawn
    13 | D:1      | Noticed a minotaur
    13 | D:1      | Noticed a spriggan
    15 | D:1      | Noticed a formicid
    15 | D:1      | Noticed a vine stalker
    17 | D:1      | Noticed a dwarf
    17 | D:1      | Noticed a human
    19 | D:1      | Noticed a troll
    21 | D:1      | Noticed an ogre
    21 | D:1      | Noticed an octopode
    23 | D:1      | Noticed a halfling
    23 | D:1      | Noticed a tengu
    25 | D:1      | Noticed a vampire
    25 | D:1      | Noticed a centaur
    27 | D:1      | Noticed a draconian
    27 | D:1      | Noticed a demigod
   334 | D:1      | Reached XP level 2. HP: 3/26 MP: 2/2
  1021 | D:2      | Reached XP level 3. HP: 24/31 MP: 3/3
  1249 | D:2      | Noticed an orc warrior
  1250 | D:2      | Noticed a hippogriff
  1264 | D:2      | HP: 1/33 [hippogriff (5)]
  1268 | D:2      | Killed a hippogriff
  1268 | D:2      | Reached skill level 1 in Stealth
  1268 | D:2      | Reached XP level 4. HP: 2/40 MP: 4/4
  1268 | D:2      | Reached XP level 5. HP: 3/46 MP: 5/5
  1269 | D:2      | Mangled by an orc warrior

Skill      XL: |  1  2  3 |
---------------+----------+-----
Dodging        | 3 |  3.4
Fighting       | 4 |  4.1
Polearms       | 3 |  3.7
Stealth        | 1 |  1.1
Shields        | 4 |  4.1

Action                   |  1- 3 |  4- 6 || total
-------------------------+-------+-------++-------
Melee: Trident           |    89 |     1 ||    90
       Tailslap          |     6 |       ||     6
  Use: Potion            |     2 |       ||     2
 Stab: Sleeping          |     3 |       ||     3
  Eat: Chunk             |     1 |       ||     1
Armor: Skin              |    21 |       ||    21
Dodge: Dodged            |    39 |     1 ||    40
Block: Shield            |    42 |     2 ||    44
